 Dungeon Crawl Stone Soup version 0.29-a0-998-g1987434951 (webtiles) character file.

Game seed: 9744510623240103120

156 Spectrina the Magician (level 5, -2/38 HPs)
             Began as a Djinni Venom Mage on Aug 5, 2022.
             Slain by a killer bee (3 damage)
             ... on level 4 of the Dungeon.
             The game lasted 00:16:41 (1679 turns).

Spectrina the Magician (Djinni Venom Mage)          Turns: 1679, Time: 00:16:41

Health: -2/38      AC:  5    Str:  7      XL:     5   Next: 64%
Gold:   55         EV: 10    Int: 19      God:
                   SH:  0    Dex: 12 (13)

rFire   + + +      SeeInvis .   h - +1 dagger (speed)
rCold   x x .      Faith    .   (no shield)
rNeg    . . .      Spirit   .   e - +0 ring mail
rPois   ∞          Reflect  .   (helmet currently unavailable)
rElec   .          Harm     .   (no cloak)
rCorr   .          Rampage  .   (no gloves)
Will    .....                   (boots unavailable)
Stlth   +.........              (no amulet)
HPRegen 0.12/turn               c - ring of fire
MPRegen 0.00/turn               j - +4 ring of slaying

@: appendages (expiring), flying, invisible
A: horns 2, flying, sickness immunity, fire resistance 2, cold vulnerability 1,
float, innate caster, HP casting, extra vitality 1
a: End Transformation


You were on level 4 of the Dungeon.
You had temporarily grown beastly horns.
You visited 1 branch of the dungeon, and saw 4 of its levels.

You collected 55 gold pieces.

Inventory:

Hand Weapons
 g - a +1 dagger of freezing
 h - a +1 dagger of speed (weapon)
Armour
 a - a +0 robe
 e - a +0 ring mail (worn)
Jewellery
 c - a ring of fire (left hand)
 j - a +4 ring of slaying (right hand)
 l - a ring of see invisible
Scrolls
 b - a scroll of identify
 d - 2 scrolls of teleportation
 i - 2 scrolls of magic mapping


   Skills:
 + Level 1.9 Fighting
 - Level 2.1 Dodging
 + Level 2.5 Stealth
 * Level 3.4 Spellcasting
 + Level 2.0 Invocations


You couldn't memorise any spells.
You knew the following spells:

 Your Spells              Type           Power      Damage    Failure   Level
a - Sting                 Tmut/Pois      64%        1d6       13%         1
d - Static Discharge      Conj/Air       16%        3-5/arc   19%         2
m - Mephitic Cloud        Conj/Pois/Air  16%        N/A       36%         3
p - Beastly Appendage     Tmut           32%        N/A       13%         1
q - Poisonous Vapours     Pois/Air       32%        N/A       19%         2
r - Olgreb's Toxic Radia  Pois           16%        N/A       77%         4
Your spell library was empty.

Dungeon Overview and Level Annotations

Branches:
Dungeon (4/15)
 Temple: D:4-7

Altars:
Qazlal
Ru
Trog

Shops:
D:1 ?((   D:3 [


Innate Abilities, Weirdness & Mutations

You have temporarily grown beastly horns.
You are flying.
You are immune to sickness and miasma.
You are immune to poison.
Your flesh is very heat resistant. (rF++)
You are vulnerable to cold. (rC-)
You float through the air rather than walking.
You learn spells naturally, not from books.
Your magical power is your life essence.
You have superior vitality. (+4 MHP)


Message History

The killer bee misses you.
You barely miss the killer bee. You headbutt the killer bee!
The killer bee is heavily wounded.
The killer bee stings you!
* * * LOW HITPOINT WARNING * * *
The killer bee closely misses you.
You puncture the endoplasm!
You kill the endoplasm!
The killer bee stings you but does no damage.
You hit the killer bee but do no damage.
Your headbutt misses the killer bee.
The killer bee is heavily wounded.
The killer bee stings you but does no damage.
You hit the killer bee. You headbutt the killer bee.
The killer bee is almost dead.
The killer bee misses you.
You closely miss the killer bee. You headbutt the killer bee.
You kill the killer bee!
The killer bee barely misses you.
You feel your strength returning.
Your Invocations skill increases to level 2!
You aren't carrying any potions.
Unknown command.
As you read the scroll labelled NEAGA ECVUAHE, it crumbles to dust.
It is a scroll of identify.
i - 2 scrolls of magic mapping The killer bee misses you.
The killer bee stings you.
* * * LOW HITPOINT WARNING * * *
You barely miss the killer bee.
Your transformation is almost over.
The killer bee closely misses you.
Unknown command.
You aren't carrying any potions.
You closely miss the killer bee. You headbutt the killer bee.
The killer bee is moderately wounded.
The killer bee barely misses you.
You closely miss the killer bee.
The killer bee is moderately wounded.
The killer bee stings you.
You die...

###....##.#
#...........#
#........ ..#.#
....... ..#.#
.....##+#.#.#
....##.#.#.#
#.#y##...#.#
#@#y##...#.#
###y#........#
#..yy....#...###
##########.....+
#............###
#.########...#
#.# #...# #.#
#..... #.#
#.#####


You could see 3 killer bees.

Vanquished Creatures
  A killer bee (D:4)
  An orc priest (D:3)
  2 adders
  2 worms
  6 orcs (D:3)
  6 endoplasms
  4 giant cockroaches
  3 goblins
  2 hobgoblins
  5 jackals (D:1)
  5 kobolds
  A quokka (D:3)
  4 ball pythons
  4 bats (D:1)
  2 frilled lizards
  2 rats
50 creatures vanquished.

Vanquished Creatures (others)
  10 plants (D:1)
10 creatures vanquished.

Grand Total: 60 creatures vanquished

Notes
Turn   | Place    | Note
-------+----------+-------------------------------------------
     0 | D:1      | Spectrina the Djinni Venom Mage began the quest for the
                  | Orb.
     0 | D:1      | Spectrina set off with the following spells memorised:
                  | Sting, Poisonous Vapours, Mephitic Cloud, Olgreb's Toxic
                  | Radiance.
     0 | D:1      | Reached XP level 1. HP: 15/15 MP: 0/0
    49 | D:1      | Found Jiowaturoi's Magic Scroll Boutique.
   119 | D:1      | Found Niffes's Antique Weapon Shoppe.
   172 | D:1      | Reached XP level 2. HP: 6/22 MP: 0/0
   438 | D:1      | HP: 1/33 [jackal (2)]
   602 | D:1      | Reached XP level 3. HP: 7/26 MP: 0/0
   602 | D:1      | Learned a level 1 spell: Beastly Appendage
   684 | D:1      | Found Bidopp's Weapon Shoppe.
   970 | D:2      | Reached skill level 1 in Fighting
   990 | D:2      | Reached skill level 1 in Invocations
  1214 | D:3      | Found Gatiem's Armour Boutique.
  1237 | D:3      | Reached XP level 4. HP: 22/32 MP: 0/0
  1301 | D:3      | Upgraded the game from 0.29-a0-997-gf6f7e2dfe7 to
                  | 0.29-a0-998-g1987434951
  1323 | D:3      | Found a sacrificial altar of Ru.
  1350 | D:3      | Reached skill level 3 in Spellcasting
  1394 | D:3      | Found a bloodstained altar of Trog.
  1448 | D:3      | Found a stormy altar of Qazlal.
  1481 | D:3      | Reached XP level 5. HP: 27/37 MP: 0/0
  1481 | D:3      | Learned a level 2 spell: Static Discharge
  1676 | D:4      | HP: 1/38 [killer bee (2)]
  1679 | D:4      | Slain by a killer bee

Illustrated notes

Levels and vault maps discovered:
D:1:      eino_arrival_druids_welcome, layout_basic, serial_shops, shop,
          nicolae_diamond_shop, shop_statue, shop
D:2:      layout_loops_ring
D:3:      layout_basic, nicolae_overflow_hidden_temple, lemuel_blue_sif_altar,
          lemuel_tele_altar, grunt_qazlal_clouds, lemuel_round_altar,
          serial_shops, nicolae_diamond_shop
D:4:      layout_basic, mainiacjoe_overflow_tiny_flanked,
          nicolae_ossuary_entry_plus, gammafunk_ghost_stat_death, serial_shops,
          kennysheep_mini, nicolae_grassy_gnolls, uniq_crazy_yiuf_cottage,
          uniq_robin, uniq_pikel

Skill      XL: |  1  2  3  4  5 |
---------------+----------------+-----
Fighting       | 1 |  1.9
Stealth        | 2 |  2.5
Invocations    | 1 2 |  2.0
Spellcasting   | 3 |  3.4
Dodging        | |  2.1

Action                   |  1- 3 |  4- 6 || total
-------------------------+-------+-------++-------
Melee: Unarmed           |    26 |       ||    26
       Dagger            |    33 |    58 ||    91
       Headbutt          |     3 |    11 ||    14
       Punch             |     1 |       ||     1
 Cast: Sting             |    34 |       ||    34
       Poisonous Vapours |     3 |       ||     3
       Beastly Appendage |     3 |     7 ||    10
       Static Discharge  |       |     1 ||     1
  Use: Potion            |     2 |     2 ||     4
       Scroll            |     1 |     1 ||     2
Armor: Skin              |    47 |       ||    47
       Robe              |     7 |       ||     7
       Ring mail         |    10 |    17 ||    27
Dodge: Dodged            |    42 |    35 ||    77

Table legend: (Time is in decaauts)
 A = Elapsed time spent in this place.
 B = Non-inter-level travel time spent in this place.
 C = Inter-level travel time spent in this place.
 D = Time resting spent in this place.
 E = Time spent auto-exploring this place.
 F = Levels seen in this place.
 G = Mean time per level.
                   A        B        C        D        E       F      G
               +--------+--------+--------+--------+--------+-----+--------+
         Total |   1652 |   1538 |    114 |     23 |      0 |   4 |  413.0 |
       Dungeon |   1652 |   1538 |    114 |     23 |      0 |   4 |  413.0 |
               +--------+--------+--------+--------+--------+-----+--------+

Top non-repeatable levels by time:
     D:1: 986 daAuts
     D:3: 412 daAuts
     D:2: 214 daAuts
     D:4: 39 daAuts
